 Dungeon Crawl Stone Soup version bcrawl-1.27.3 (webtiles) character file.

Game seed: 16991992754699823996

129781 Freyura the Sneak (level 4, -1/27 HPs)
             Began as a Gargoyle Archaeologist on Aug 3, 2020.
             Slain by a worm (13 damage)
             ... on level 2 of the Dungeon.
             The game lasted 00:03:47 (1844 turns).

Freyura the Sneak (Gargoyle Archaeologist)          Turns: 1844, Time: 00:03:48

Health: -1/27      AC: 10    Str: 14    XL:     4   Next: 46%
Magic:  4/4        EV: 12    Int: 15    God:
Gold:   151        SH:  0    Dex:  9    Spells: 3/3 levels left

rFire    . . .     SeeInvis .   a - +0 whip
rCold    . . .     Gourm    .   (no shield)
rNeg     + . .     Faith    .   b - +1 robe
rPois    ∞         Spirit   .   c - +1 hat
rElec    +         Reflect  .   (no cloak)
rCorr    .         Harm     .   (no gloves)
MR       .....                  d - +2 pair of boots
Stlth    ..........             (no amulet)
HPRegen  0.09/turn              i - ring of attention (curse)
MPRegen  0.09/turn              (no ring)

@: no status effects
A: negative energy resistance 1, electricity resistance, unbreathing,
petrification resistance, rot immunity, AC +3
a: no special abilities


You were on level 2 of the Dungeon.
You were hungry.

You visited 1 branch of the dungeon, and saw 2 of its levels.

You collected 151 gold pieces.

Inventory:

Hand Weapons
 a - a +0 whip (weapon)
Armour
 b - a +1 robe (worn)
 c - a +1 hat (worn)
 d - a +2 pair of boots (worn)
Jewellery
 i - a cursed ring of attention (left hand)
Scrolls
 g - a scroll of magic mapping
 h - a scroll of amnesia
 j - a scroll of remove curse {unknown}
 l - a scroll of identify
 m - a scroll of teleportation {unknown}
Potions
 k - a potion of curing {unknown}
Miscellaneous
 f - a dusty tome
Comestibles
 e - 6 rations {!d}


   Skills:
 + Level 2.3 Fighting
 * Level 3.0 Maces & Flails
 + Level 1.9 Armour
 - Level 2.4 Dodging
 - Level 3.6 Stealth


You had 3 spell levels left.
You didn't know any spells.
Your spell library was empty.

Dungeon Overview and Level Annotations

Branches:
Dungeon (2/12)

Altars:
Gozag
Trog


Innate Abilities, Weirdness & Mutations

You are resistant to torment.
Your stone body is resilient. (AC +3)
You are immune to poison.
You resist negative energy. (rN+)
You are resistant to electric shocks. (rElec)
You can survive without breathing.
You are immune to petrification.
You are immune to rotting.


Message History

The worm is heavily wounded.
The worm bites you but does no damage.
You hit the worm but do no damage.
The worm is moderately wounded.
You barely miss the worm.
The worm is moderately wounded.
The worm bites you.
You hit the worm but do no damage.
The worm is moderately wounded.
The worm bites you.
You hit the worm.
The worm is heavily wounded.
The worm barely misses you.
You hit the worm.
The worm is severely wounded.
The worm closely misses you.
You hit the worm.
The worm is almost dead.
The worm bites you!
You die...

##.........##..........
#....###....#..........
#...##y##...#..........
#....###....#.....###+#
#...........#.....#....
#.........##.....#....
#.......##).....#....
####w####.).....#....
#.##@##..#+########'#
#........#########...
#........'.......'...
#........###....##...
.............'....'....
##############....###..
#....# #.. #....# #.#
###### #.#


You could see a moth of wrath and a worm (berserk).

Vanquished Creatures
  3 adders (D:2)
  A worm (D:2)
  2 dart slugs (D:2)
  3 leopard geckos
  A giant cockroach (D:2)
  4 goblins
  6 hobgoblins
  3 jackals (D:2)
  2 quokkas (D:2)
  3 bats
  A frilled lizard (D:2)
  11 kobolds
  7 rats
47 creatures vanquished.

Notes
Turn   | Place    | Note
-------+----------+-------------------------------------------
     0 | D:1      | Freyura the Gargoyle Archaeologist began the quest for the
                  | Orb.
     0 | D:1      | Reached XP level 1. HP: 12/12 MP: 1/1
   113 | D:1      | Reached XP level 2. HP: 16/16 MP: 2/2
   557 | D:1      | Reached skill level 1 in Armour
   892 | D:2      | Reached XP level 3. HP: 18/21 MP: 3/3
   947 | D:2      | Found an opulent altar of Gozag.
  1259 | D:2      | Reached XP level 4. HP: 26/26 MP: 4/4
  1809 | D:2      | Noticed a moth of wrath
  1812 | D:2      | Found a bloodstained altar of Trog.
  1844 | D:2      | Slain by a worm

Skill      XL: |  1  2  3  4 |
---------------+-------------+-----
Armour         | 1 |  1.9
Maces & Flails | 2 3 |  3.0
Fighting       | 2 |  2.3
Dodging        | |  2.4
Stealth        | |  3.6

Action                   |  1- 3 |  4- 6 || total
-------------------------+-------+-------++-------
Melee: Whip              |   179 |    85 ||   264
  Use: Scroll            |     2 |       ||     2
 Stab: Sleeping          |     1 |       ||     1
  Eat: Chunk             |     5 |     3 ||     8
Armor: Robe              |    91 |    26 ||   117
Dodge: Dodged            |   143 |    49 ||   192
